 Dungeon Crawl Stone Soup version 0.30.0-10-gfe55d96785 (webtiles) character file.

Game seed: 8543628170581620326

12320 hito the Thaumaturge (level 11, -3/103 HPs)
             Began as a Naga Reaver on May 16, 2023.
             Was an Elder of Sif Muna.
             Slain by an ice devil (7 damage)
             ... in an ice cave.
             The game lasted 00:42:53 (13613 turns).

hito the Thaumaturge (Naga Reaver)                 Turns: 13613, Time: 00:42:53

Health: -3/103     AC:  8    Str: 16    XL:     11   Next: 91%
Magic:  16/36      EV: 10    Int: 19    God:    Sif Muna [****..]
Gold:   504        SH:  0    Dex: 10    Spells: 7/34 levels left

rFire   + . .        a - +0 spear
rCold   + . .        (no shield)
rNeg    . . .        R - +2 robe {rC+}
rPois   +            D - +1 helmet {Int+3}
rElec   .            C - scarf {repulsion}
rCorr   .            (no gloves)
SInv    +            (no barding)
Will    +....        m - amulet of faith
Stlth   +            d - ring of protection from fire
HPRegen 0.37/turn    L - ring of magical power
MPRegen 0.25/turn

%: repel missiles, faith
@: hasted and slowed, very slow
A: AC +3, large, see invisible, deformed body, poison resistance, slowness 2,
spit poison 1, naga tail 1
a: Spit Poison, Renounce Religion, Channel Magic, Forget Spell, Divine Exegesis


You were in an ice cave.
You worshipped Sif Muna.
Sif Muna was greatly pleased with you.
You visited 1 branch of the dungeon, and saw 11 of its levels.
You also visited: Ice Cave.

You collected 773 gold pieces.
You spent 269 gold pieces at shops.

Inventory:

Hand Weapons
 a - a +0 spear (weapon)
 F - a +0 long sword of flaming
 N - a +2 heavy spear
Missiles
 f - 108 stones
 i - 6 silver boomerangs
Armour
 b - a +0 leather armour
 q - an orb of mayhem
 w - the orb of Abstinence {light, Rampage Int+3 Dex+6}
   (You found it on level 3 of the Dungeon)

   Int:       It affects your intelligence (+3).
   Dex:       It affects your dexterity (+6).
   Rampage:   It bestows one free step when moving towards enemies.
 x - a scarf of harm
 C - a scarf of repulsion (worn)
 D - a +1 helmet of intelligence (worn)
 Q - a +2 robe of willpower
 R - a +2 robe of cold resistance (worn)
 T - a +0 leather armour of resistance
 U - a +0 pair of gloves
Jewellery
 d - a ring of protection from fire (left hand)
 h - an amulet of reflection
 m - an amulet of faith (around neck)
 p - a ring of fire
 L - a ring of magical power (right hand)
Wands
 n - a wand of iceblast (10)
 v - a wand of flame (48)
 B - a wand of digging (11)
 M - a wand of polymorph (9)
 P - a wand of quicksilver (7)
Scrolls
 e - 2 scrolls of poison
 j - a scroll of enchant armour {unknown}
 o - a scroll of noise {unknown}
 s - 2 scrolls of amnesia {unknown}
 t - a scroll of torment {unknown}
 y - 3 scrolls of enchant weapon {unknown}
 z - 2 scrolls of vulnerability
 A - a scroll of fear
 G - 2 scrolls of magic mapping
 H - 5 scrolls of teleportation
 I - a scroll of brand weapon
 J - a scroll of blinking {unknown}
 K - 2 scrolls of immolation
 S - a scroll of acquirement {unknown}
Potions
 c - 6 potions of heal wounds
 g - 3 potions of magic
 k - 3 potions of attraction
 l - 2 potions of curing
 r - 2 potions of haste
 u - a potion of invisibility
 E - 2 potions of flight
 O - a potion of resistance


   Skills:
 - Level 8.0 Fighting
 - Level 3.0 Polearms
 - Level 4.0 Dodging
 - Level 12.0 Spellcasting
 + Level 9.4 Conjurations
 - Level 1.0 Translocations
 - Level 2.0 Ice Magic
 + Level 7.3 Earth Magic
 - Level 3.0 Poison Magic
 + Level 6.7 Invocations


You had 7 spell levels left.
You knew the following spells:

 Your Spells              Type           Power      Damage    Failure   Level
a - Kiss of Death         Conj/Necr      100%       2d13      1%          1
b - Momentum Strike       Conj/Tloc      62%        3d9       1%          2
c - Hailstorm             Conj/Ice       33%        3d8       1%          3
d - Stone Arrow           Conj/Erth      86%        3d12      1%          3
e - Searing Ray           Conj           94%        2d7       1%          2
f - Mephitic Cloud        Conj/Pois/Air  27%        N/A       3%          3
g - Passwall              Tmut/Erth      20%        N/A       1%          2
h - Iron Shot             Conj/Erth      21%        9d5       30%         6
i - Iskenderun's Battles  Conj           47%        2d10      3%          5

Your spell library contained the following spells:

 Spells                   Type           Power      Damage    Failure   Level
 Magic Dart               Conj           100%       1d8       1%          1
 Sandblast                Erth           78%        2d17      1%          1
 Cigotuvi's Dreadful Rot  Necr/Pois/Air  30%        N/A       6%          2
 Call Imp                 Summ           22%        N/A       9%          2
 Scorch                   Fire           22%        2d5       9%          2
 Flame Wave               Conj/Fire      29%        2d9       9%          4
 Fulminant Prism          Conj/Hex       14%        3d8       9%          4
 Tukima's Dance           Hex            11%        N/A       19%         3
 Ice Form                 Ice/Tmut       15%        N/A       36%         4
 Passage of Golubria      Tloc           15%        N/A       36%         4
 Dispel Undead            Necr           11%        3d9       52%         4
 Summon Forest            Summ/Tloc      6%         N/A       80%         5
 Summon Mana Viper        Hex/Summ       11%        N/A       86%         5
 Yara's Violent Unravell  Hex/Tmut       5%         3d4       86%         5
 Simulacrum               Ice/Necr       7%         N/A       99%         6
 Death Channel            Necr           5%         N/A       100%        6
 Summon Cactus Giant      Summ           5%         N/A       100%        6
 Spellforged Servitor     Conj/Summ      14%        N/A       100%        7


Dungeon Overview and Level Annotations

Branches:
Dungeon (11/15)            Temple (0/1) D:6             Orc (0/2) D:9
  IceCv (1/1)
   Lair: D:8-11

Altars:
Ashenzari
Dithmenos
Elyvilon
Fedhas
Nemelex Xobeh
Ru
Sif Muna
Trog
Vehumet
Xom
Yredelemnul
The Shining One

Shops:
D:1 !   D:3 :[   D:5 :   D:7 *   D:8 (

Annotations:
D:3 exclusion: 2 downstairs
D:5 2 runed translucent doors, exclusion: downstairs, Daunt's ghost, novice MeMo
D:9 exclusion: downstairs


Innate Abilities, Weirdness & Mutations

Your serpentine skin is tough. (AC +3)
You have supernaturally acute eyesight. (SInv)
Armour fits poorly on your strangely shaped body.
Your system is resistant to poisons. (rPois)
You cover ground very slowly.
You can spit poison.
You have a snake-like lower body.


Message History

The stone arrow hits the freezing wraith!
The freezing wraith is heavily damaged.
Your battlesphere fires!
The barrage of energy hits the ice devil but does no damage.
The ice devil is moderately wounded.
The ice devil hits you! The ice devil freezes you. You resist.
* * * LOW HITPOINT WARNING * * *
Unknown command.
Unknown command.
Okay, then.
You feel much better.
Casting: Stone Arrow (safe; 1% risk of failure)
Confirm with . or Enter, or press ? or * to list all spells.
Aiming: Stone Arrow (safe; 1% risk of failure)
Press: ? - help, Shift-Dir - straight line, f/p - ice devil
Aim: an ice devil (severely wounded, 76% to hit)
The stone arrow hits the ice devil.
The ice devil is severely wounded.
Your battlesphere fires!
The barrage of energy hits the ice devil.
The ice devil is heavily wounded.
Your battlesphere expends the last of its energy and dissipates.
The ice devil hits you! The ice devil freezes you! You resist.
* * * LOW HITPOINT WARNING * * *
The ice devil barely misses you.
The freezing wraith hits you but does no damage.
The freezing wraith hits you.
* * * LOW HITPOINT WARNING * * *
The freezing wraith drains your vigour!
You feel yourself slow down.
The freezing wraith attacks as you move away!
The freezing wraith hits you!
* * * LOW HITPOINT WARNING * * *
The freezing wraith freezes you! You resist.
* * * LOW HITPOINT WARNING * * *
The freezing wraith barely misses you.
The ice devil hits you but does no damage.
The ice devil hits you!
* * * LOW HITPOINT WARNING * * *
The ice devil freezes you! You resist.
You die...
ZZ. #### .Z4..8 ##..# WZ.....

##.Z.#...Z....#
#.Z#..4.# #☼§##
#.4#...## §§○##
#44##.## °§.# ##4W###
######☼.# ######@○##
##...#...# #..# ##..#
#....○○#.#
#..###..####..#☼.####
##..8#..## #..##...##
#......##
##.####...##
##......# ##..#
##...## ##.......#
#..## ##...#
#........###..#
##..##
#.......###..##
######..#


You could see 4 ice devils, a freezing wraith and a harpy simulacrum.

Vanquished Creatures
  A two-headed ogre (D:10)
  A deep elf pyromancer (D:10)
  An ugly thing (IceCv)
  A cyclops (D:11)
  A gargoyle (D:10)
  Psyche (D:10)
  2 rime drakes (D:11)
  2 freezing wraiths (IceCv)
  3 kobold demonologists (D:10)
  3 ice devils (IceCv)
  A hornet (D:9)
  A blink frog (D:9)
  A vampire (D:10)
  A wyvern (D:7)
  13 yaks
  A warg (D:9)
  2 death yak simulacra (IceCv)
  A harpy simulacrum (IceCv)
  A hydra simulacrum (IceCv)
  3 water moccasins
  2 ice beasts
  8 orc warriors
  A black bear (D:6)
  5 ogres
  A centaur (D:9)
  2 phantoms
  4 kobold brigands
  3 bullfrogs (D:7)
  A gnoll sergeant (D:9)
  3 scorpions
  A water moccasin zombie (D:4)
  A cane toad simulacrum (IceCv)
  3 killer bees (D:8)
  2 elephant simulacra (IceCv)
  3 howler monkeys
  A gnoll bouda (D:8)
  2 hounds
  2 jellies
  5 orc priests (D:9)
  A sleepcap (D:6)
  A centaur skeleton (D:4)
  Natasha (thrice) (D:3)
  An iguana (D:6)
  11 orc wizards
  3 scorpion zombies (D:4)
  2 polar bear simulacra (IceCv)
  A spriggan simulacrum (IceCv)
  4 wolf simulacra (IceCv)
  A hound skeleton (D:4)
  2 howler monkey zombies (D:4)
  10 gnolls
  2 naga simulacra (IceCv)
  5 adders
  3 white imps
  2 ufetubi
  4 adder zombies (D:4)
  2 adder skeletons (D:4)
  2 worms
  2 dart slugs (D:1)
  43 orcs
  9 endoplasms
  2 giant cockroaches (D:1)
  5 goblins
  16 hobgoblins
  4 quokkas
  12 ball pythons
  12 bats
  3 frilled lizards
  19 kobolds
  7 rats
285 creatures vanquished.

Notes
Turn   | Place    | Note
-------+----------+-------------------------------------------
     0 | D:1      | hito the Naga Reaver began the quest for the Orb.
     0 | D:1      | Reached XP level 1. HP: 19/19 MP: 3/3
   158 | D:1      | Reached XP level 2. HP: 24/26 MP: 5/5
   161 | D:1      | Learned a level 2 spell: Momentum Strike
   278 | D:1      | Found a faded altar of an unknown god.
   323 | D:1      | Reached XP level 3. HP: 27/32 MP: 6/6
   377 | D:1      | Learned a level 3 spell: Hailstorm
   396 | D:1      | Reached skill level 1 in Translocations
   615 | D:1      | Found Waocubu's Distillery.
   653 | D:1      | Bought a potion of heal wounds for 55 gold pieces
   933 | D:1      | Bought a potion of curing for 33 gold pieces
  1019 | D:2      | Found a blossoming altar of Fedhas.
  1060 | D:2      | Reached skill level 3 in Spellcasting
  1281 | D:2      | Reached XP level 4. HP: 36/39 MP: 8/8
  1382 | D:2      | Reached skill level 1 in Ice Magic
  1850 | D:3      | Found Apon's Armour Shoppe.
  1874 | D:3      | Noticed Natasha
  1878 | D:3      | Killed Natasha
  1975 | D:3      | Noticed Natasha
  1981 | D:3      | Killed Natasha
  1982 | D:3      | Reached XP level 5. HP: 27/45 MP: 7/10
  2111 | D:3      | Identified the orb of Abstinence {light, Rampage Int+3
                  | Dex+6}
  2152 | D:3      | Learned a level 3 spell: Stone Arrow
  2265 | D:3      | Reached skill level 4 in Spellcasting
  2320 | D:3      | Found Dowkuho's Vocational Training.
  2475 | D:3      | Noticed Natasha
  2479 | D:3      | Killed Natasha
  2480 | D:3      | Reached skill level 1 in Earth Magic
  2877 | D:3      | Reached XP level 6. HP: 30/52 MP: 6/12
  3065 | D:4      | HP: 2/50 [scorpion zombie (5)]
  3069 | D:4      | Reached skill level 5 in Spellcasting
  3181 | D:4      | Learned a level 2 spell: Searing Ray
  3209 | D:3      | Reached skill level 5 in Conjurations
  3282 | D:3      | Reached XP level 7. HP: 54/60 MP: 12/15
  3310 | D:4      | Reached skill level 6 in Spellcasting
  3726 | D:3      | Bought a +2 helmet for 181 gold pieces
  4037 | D:4      | Reached skill level 7 in Spellcasting
  4173 | D:4      | Found a shimmering blue altar of Sif Muna.
  4192 | D:4      | Became a worshipper of Sif Muna the Loreminder
  4302 | D:4      | Reached XP level 8. HP: 53/69 MP: 11/18
  4424 | D:5      | Entered Level 5 of the Dungeon
  4487 | D:5      | Found a large runed translucent door.
  4488 | D:5      | Found a large runed translucent door.
  4501 | D:5      | Noticed Daunt's ghost (novice MeMo)
  4747 | D:5      | Found a transporter.
  4747 | D:5      | Found Peavis's Book Boutique.
  4789 | D:5      | Found a transporter.
  4863 | D:5      | Reached skill level 8 in Spellcasting
  5150 | D:5      | Found a glowing golden altar of the Shining One.
  5151 | D:5      | Found a shimmering altar of Xom.
  5152 | D:5      | Found a shadowy altar of Dithmenos.
  5152 | D:5      | Found a blossoming altar of Fedhas.
  5155 | D:5      | Found a bloodstained altar of Trog.
  5156 | D:5      | Found a broken altar of Ashenzari.
  5157 | D:5      | Found a basalt altar of Yredelemnul.
  5158 | D:5      | Found a sacrificial altar of Ru.
  5384 | D:5      | Found a white marble altar of Elyvilon.
  5649 | D:6      | Reached skill level 9 in Spellcasting
  5918 | D:6      | Reached skill level 5 in Fighting
  5918 | D:6      | Reached XP level 9. HP: 81/81 MP: 15/22
  5928 | D:6      | Reached skill level 10 in Spellcasting
  6086 | D:6      | Learned a level 3 spell: Mephitic Cloud
  6342 | D:6      | Reached * piety under Sif Muna
  7202 | D:6      | Found a staircase to the Ecumenical Temple.
  7438 | D:7      | Reached skill level 1 in Invocations
  7445 | D:7      | Reached skill level 11 in Spellcasting
  7748 | D:7      | Found a radiant altar of Vehumet.
  8174 | D:7      | Found Viqom's Serpentskin Sales.
  8188 | D:7      | Reached ** piety under Sif Muna
  8846 | D:8      | Learned a level 2 spell: Passwall
  8861 | D:8      | Found Hicorgh's Weapon Emporium.
  8886 | D:8      | Reached skill level 12 in Spellcasting
  8886 | D:8      | Reached XP level 10. HP: 63/91 MP: 26/26
  8889 | D:8      | Reached skill level 1 in Poison Magic
  9872 | D:9      | Reached skill level 5 in Invocations
  9882 | D:9      | Found a staircase to the Orcish Mines.
  9920 | D:9      | Reached *** piety under Sif Muna
  9991 | D:9      | Noticed a two-headed ogre
 10002 | D:9      | Paralysed by a hornet for 1 turns
 10003 | D:9      | HP: 4/92 [orc wizard/puff of flame (4)]
 10291 | D:9      | Learned a level 6 spell: Iron Shot
 10577 | D:9      | Found a sparkling altar of Nemelex Xobeh.
 10799 | D:10     | Entered Level 10 of the Dungeon
 10855 | D:10     | Noticed a deep elf pyromancer
 10857 | D:10     | Noticed a two-headed ogre
 10860 | D:10     | Noticed Psyche
 10960 | D:10     | Killed a two-headed ogre
 11081 | D:9      | Reached skill level 5 in Earth Magic
 11081 | D:9      | Reached XP level 11. HP: 52/100 MP: 21/27
 11224 | D:10     | Killed a deep elf pyromancer
 11228 | D:10     | Killed Psyche
 11545 | D:10     | Noticed a sun demon
 11699 | D:10     | Noticed a sixfirhy
 11891 | D:10     | Reached **** piety under Sif Muna
 12181 | D:11     | Found a frozen archway.
 12190 | D:11     | Noticed a cyclops
 12196 | D:11     | Killed a cyclops
 12417 | IceCv    | Entered an ice cave
 12565 | IceCv    | Learned a level 5 spell: Iskenderun's Battlesphere
 13358 | IceCv    | Noticed a white ugly thing
 13366 | IceCv    | Killed a white ugly thing
 13598 | IceCv    | Found an ancient bone altar of Kikubaaqudgha.
 13613 | IceCv    | HP: 4/103 [ice devil (8)]
 13613 | IceCv    | Slain by an ice devil

Illustrated notes

Levels and vault maps discovered:
D:1:      matt_arrival_grand_opening, layout_loops_ring,
          nicolae_ecumenical_snake_handling, serial_shops,
          nicolae_shop_industrial_runoff
D:2:      layout_basic, basic_altar, skrybe_limestone_x, corexii_hall_statues_l
D:3:      layout_basic, serial_shops, shop, minivault_25,
          hangedman_decor_riveting, nicolae_shop_vocational, uniq_natasha
D:4:      layout_rooms, nicolae_sif_muna_condensation, serial_undead,
          serial_undead_b, serial_undead_d, serial_undead_f, serial_undead_f,
          serial_undead_e, minmay_close_crescents
D:5:      layout_loops_cross, kennysheep_mini_moat, minitemple, serial_shops,
          nicolae_shop_drivethru, ebering_ghost_disaster_area
D:6:      layout_layer_cave, minmay_temple_entry_from_below_a,
          kennysheep_generic_room_7
D:7:      layout_gridville, mainiacjoe_overflow_boulevard, guppyfry_shop_venom
D:8:      layout_basic, serial_shops, nicolae_shop_tiny_statue_garden,
          minivault_14
D:9:      layout_rooms, nemelex_spade_bored_becter, david_orc_3
D:10:     layout_rooms, uniq_psyche
D:11:     layout_long_grid, grunt_lair_entry_orc_guard_hut,
          portal_ice_cave_rime, nicolae_hepliaklqana_hippocampus
IceCv:    ice_cave_small_necro

Skill      XL: |  1  2  3  4  5  6  7  8  9 10 11 |
---------------+----------------------------------+-----
Translocations | 1 |  1.0
Spellcasting   | 3 4 5 7 9 12 | 12.0
Ice Magic      | 1 2 |  2.0
Conjurations   | 4 5 6 7 9 |  9.4
Earth Magic    | 1 2 3 5 7 |  7.3
Fighting       | 3 5 6 7 8 |  8.0
Invocations    | 4 5 6 |  6.7
Dodging        | 2 3 4 |  4.0
Poison Magic   | 3 |  3.0
Polearms       | |  3.0

Action                     |  1- 3 |  4- 6 |  7- 9 | 10-12 || total
---------------------------+-------+-------+-------+-------++-------
  Melee: Spear             |   108 |   120 |   301 |    46 ||   575
         Punch             |     1 |       |     4 |       ||     5
   Cast: Momentum Strike   |       |    11 |     4 |       ||    15
         Hailstorm         |       |     1 |     1 |     7 ||     9
         Stone Arrow       |       |     2 |    71 |   178 ||   251
         Kiss of Death     |       |     1 |       |       ||     1
         Searing Ray       |       |       |    14 |       ||    14
         Mephitic Cloud    |       |       |     9 |    14 ||    23
         Iskenderun's Batt |       |       |       |     7 ||     7
 Invoke: Channel Magic     |       |       |       |     1 ||     1
Ability: Spit Poison       |    35 |    30 |    51 |    20 ||   136
  Evoke: Wand              |       |       |     1 |       ||     1
    Use: Potion            |       |     1 |       |     2 ||     3
         Scroll            |       |       |     8 |     7 ||    15
 Armour: Leather armour    |    27 |    19 |   119 |    28 ||   193
         Robe              |       |       |       |    23 ||    23
  Dodge: Dodged            |    49 |    45 |   138 |    95 ||   327
         Repelled          |       |       |       |     4 ||     4
  Block: Other             |     9 |     6 |    38 |       ||    53
         Orb               |       |    33 |       |       ||    33
